 Dungeon Crawl Stone Soup version 0.31-a0-204-g7da18cac08 (webtiles) character file.

Game seed: 17420029232086987471

109 ptdevnull the Chopper (level 4, -2/41 HPs)
             Began as a Hill Orc Fighter on June 27, 2023.
             Succumbed to a water moccasin's poison
             ... in a sewer.
             The game lasted 00:04:09 (1358 turns).

ptdevnull the Chopper (Hill Orc Fighter)            Turns: 1358, Time: 00:04:10

Health: -2/41      AC:  9    Str: 20    XL:     4   Next: 90%
Magic:  4/4        EV:  9    Int:  8    God:
Gold:   92         SH:  4    Dex: 10    Spells: 3/3 levels left

rFire   . . .        a - +0 war axe
rCold   . . .        c - +0 buckler
rNeg    . . .        b - +0 scale mail
rPois   .            (no helmet)
rElec   .            e - +0 cloak
rCorr   .            i - +0 pair of gloves
SInv    .            (no boots)
Will    .....        (no amulet) Stlth
                     o - ring of wizardry
HPRegen 0.26/turn    (no ring)
MPRegen 0.09/turn

%: wizardry (x1)
@: lethally poisoned (-2 -> -25), about to teleport
A: no striking features
a: no special abilities


You were in a sewer.
You visited 1 branch of the dungeon, and saw 3 of its levels.
You also visited: Sewer.

You collected 92 gold pieces.

Inventory:

Hand Weapons
 a - a +0 war axe (weapon)
Armour
 b - a +0 scale mail (worn)
 c - a +0 buckler (worn)
 e - a +0 cloak (worn)
 i - a +0 pair of gloves (worn)
Jewellery
 j - a ring of ice
 o - a ring of wizardry (left hand)
Potions
 d - 2 potions of might
 g - a potion of attraction
 n - a potion of haste


   Skills:
 + Level 4.8 Fighting
 * Level 5.5 Axes
 - Level 3.2 Armour
 - Level 3.2 Shields


You had 3 spell levels left.
You didn't know any spells.
Your spell library contained the following spells:

 Spells                   Type           Power      Damage    Failure   Level
 Necrotise                Necr           0%         1d4       50%         1
 Lesser Beckoning         Tloc           0%         N/A       65%         2
 Gell's Gravitas          Tloc           0%         N/A       86%         3
 Teleport Other           Tloc           0%         N/A       86%         3
 Vampiric Draining        Necr           0%         2d6       86%         3
 Passage of Golubria      Tloc           0%         N/A       99%         4
 Agony                    Necr           0%         N/A       100%        5
 Silence                  Hex/Air        0%         N/A       100%        5
 Lehudib's Crystal Spear  Conj/Erth      0%         10d2      100%        8


Dungeon Overview and Level Annotations

Branches:
Dungeon (3/15)              Sewer (1/1)

Altars:
Xom

Shops:
D:3 *!


Message History

You feel very sick. The water moccasin bites you!
You are lethally poisoned!
The water moccasin poisons you! You block the water moccasin's attack.
You closely miss the water moccasin.
The water moccasin is severely wounded.
You feel extremely sick. You block the water moccasin's attack.
The water moccasin bites you.
* * * LOW HITPOINT WARNING * * *
Unknown command.
You feel much better.
You feel very sick. The water moccasin bites you.
Unknown command.
You closely miss the water moccasin.
The water moccasin is severely wounded.
You feel very sick.
The water moccasin bites you but does no damage.
The water moccasin bites you.
* * * LOW HITPOINT WARNING * * *
You are more poisoned.
The water moccasin poisons you!
You closely miss the water moccasin.
The water moccasin is severely wounded.
* * * LOW HITPOINT WARNING * * *
You feel extremely sick. The water moccasin closely misses you.
The water moccasin bites you but does no damage.
Unknown command.
Okay, then.
Press: ? - help, v - describe, . - travel
Here: a water moccasin (severely wounded)
The floor, spattered with blood.
Press: ? - help, v - describe, . - travel
Here: a water moccasin (severely wounded)
The floor, spattered with blood.
You aren't carrying any items that you can evoke.
As you read the scroll labelled WIF XAETINAA, it crumbles to dust.
You feel strangely unstable.
It was a scroll of teleportation.
You die...

##...## ##.## #.#
#.# ### #.# ....
#.# ..... #.#
$.....####.########
?.....S@.........∩#
$.....#############
..... .... ###


You could see a water moccasin.

Vanquished Creatures
  3 adders (D:3)
  A river rat (D:3)
  2 worms
  A dart slug (D:1)
  An orc (D:3)
  2 ball pythons
  7 endoplasms
  3 giant cockroaches
  4 hobgoblins
  2 jackals (D:3)
  4 quokkas
  11 bats
  2 frilled lizards
  7 goblins
  7 kobolds
  4 rats
61 creatures vanquished.

Notes
Turn   | Place    | Note
-------+----------+-------------------------------------------
     0 | D:1      | ptdevnull the Hill Orc Fighter began the quest for the Orb.
     0 | D:1      | Reached XP level 1. HP: 19/19 MP: 1/1
    70 | D:1      | Reached skill level 3 in Axes
   113 | D:1      | Reached XP level 2. HP: 22/27 MP: 2/2
   528 | D:2      | Reached skill level 4 in Axes
   545 | D:2      | Reached XP level 3. HP: 33/33 MP: 3/3
   745 | D:2      | Found a shimmering altar of Xom.
  1173 | D:3      | Found Qeqaxoahu's Assorted Antiques.
  1204 | D:3      | Reached XP level 4. HP: 41/41 MP: 4/4
  1207 | D:3      | Found Weuhoila's Distillery.
  1225 | D:3      | Reached skill level 5 in Axes
  1305 | D:3      | Found a glowing drain.
  1309 | Sewer    | Entered a sewer
  1343 | Sewer    | Noticed a water moccasin
  1358 | Sewer    | Succumbed to a water moccasin's poison

Illustrated notes

Levels and vault maps discovered:
D:1:      minmay_arrival_solitary_statue, layout_basic
D:2:      layout_loops_ring, basic_altar
D:3:      layout_rooms, serial_shops, nicolae_diamond_shop,
          nicolae_shop_industrial_runoff, nicolae_shop_advertising_works
          [nicolae_subvault_shop_adworks], gup_sewer_entry_spiral,
          lightli_corner_chamber
Sewer:    sewer_big_baddie

Skill      XL: |  1  2  3  4 |
---------------+-------------+-----
Axes           | 3 4 5 |  5.5
Fighting       | 4 |  4.8
Armour         | |  3.2
Shields        | |  3.2

Action                     |  1- 3 |  4- 6 || total
---------------------------+-------+-------++-------
  Melee: War axe           |   104 |    65 ||   169
    Use: Scroll            |     6 |     1 ||     7
         Potion            |       |     2 ||     2
 Armour: Scale mail        |    51 |    42 ||    93
  Dodge: Dodged            |    46 |    37 ||    83
  Block: Buckler           |    24 |    19 ||    43

Table legend: (Time is in decaauts)
 A = Elapsed time spent in this place.
 B = Non-inter-level travel time spent in this place.
 C = Inter-level travel time spent in this place.
 D = Time resting spent in this place.
 E = Time spent auto-exploring this place.
 F = Levels seen in this place.
 G = Mean time per level.
                   A        B        C        D        E       F      G
               +--------+--------+--------+--------+--------+-----+--------+
         Total |   1431 |   1381 |     50 |      0 |    866 |   4 |  357.8 |
       Dungeon |   1376 |   1326 |     50 |      0 |    854 |   3 |  458.7 |
         Sewer |     55 |     55 |      0 |      0 |     12 |   1 |   55.0 |
               +--------+--------+--------+--------+--------+-----+--------+

Top non-repeatable levels by time:
     D:2: 648 daAuts
     D:1: 530 daAuts
     D:3: 197 daAuts
   Sewer: 55 daAuts
